TOP OF THE 1ST |
Pensacola Blue Wahoos batting - Pitching for Reading Fightin Phils : LHP Scott Hopkins
|
Pitching: LHP Scott Hopkins
|
|
Batting: RHB Dusty Pollert
|
0-0: Ball 1-0: Foul Ball, location: 2F 1-1: Ground out 6-3 (Groundball, 6, EV 82.5 MPH)
|
Batting: RHB Juan Reyes
|
0-0: Ball 1-0: Ball 2-0: Called Strike 2-1: Foul Ball, location: 2F 2-2: SOLO HOME RUN (Flyball, 7LD, EV 92.5 MPH), Distance : 330 ft
|
Batting: RHB Mike Alm
|
0-0: Foul Ball, location: 2F 0-1: Ball 1-1: DOUBLE (Flyball, 8RXD, EV 102.5 MPH)
|
Batting: SHB Freddie Farrar
|
0-0: Ball Mike Alm steals 3rd base (no throw) 1-0: Swinging Strike 1-1: Swinging Strike 1-2: Fly out, F7 (Flyball, 7, EV 80.0 MPH)
|
Batting: RHB David Clough
|
0-0: Called Strike 0-1: Ball 1-1: Ground out 5-3 (Groundball, 25, EV 88.8 MPH)
|
Top of the 1st over - 1 run, 2 hits, 0 errors, 1 left on base; Pensacola 1 - Reading 0 |
BOTTOM OF THE 1ST |
Reading Fightin Phils batting - Pitching for Pensacola Blue Wahoos : LHP Jesus Perez
|
Pitching: LHP Jesus Perez
|
|
Batting: RHB Prabhukumar Santhanakrishnan
|
0-0: Foul Ball, location: 2F 0-1: Ball 1-1: Ball 2-1: Ground out U3 (Groundball, 13, EV 85.0 MPH)
|
Batting: RHB Mark Schultz
|
0-0: SOLO HOME RUN (Line Drive, 7D, EV 98.8 MPH), Distance : 368 ft
|
Batting: LHB Josh George
|
0-0: Ball 1-0: SOLO HOME RUN (Flyball, 89XD, EV 103.1 MPH), Distance : 404 ft
|
Batting: RHB Abel Surraca
|
0-0: Ball 1-0: Ball 2-0: Ball 3-0: Ground out 6-3 (Groundball, 6, EV 87.5 MPH)
|
Batting: RHB Victor Arroyo
|
0-0: Called Strike 0-1: Ball 1-1: Foul Ball, location: 2F 1-2: Fly out, F8 (Flyball, 8LXD, EV 105.6 MPH)
|
Bottom of the 1st over - 2 runs, 2 hits, 0 errors, 0 left on base; Pensacola 1 - Reading 2 |
TOP OF THE 2ND |
Pensacola Blue Wahoos batting - Pitching for Reading Fightin Phils : LHP Scott Hopkins
|
Batting: RHB Danny Real
|
0-0: Called Strike 0-1: Foul Ball, location: 2F 0-2: Foul Ball, location: 2F 0-2: Fly out, F8 (Flyball, 8RD, EV 86.9 MPH)
|
Batting: LHB Keith Egan
|
0-0: Ball 1-0: Ball 2-0: Foul Ball, location: 2F 2-1: Ball 3-1: Called Strike 3-2: Base on Balls
|
Batting: RHB Frank Moron
|
0-0: Called Strike 0-1: Ball 1-1: Ball Keith Egan steals 2nd, throwing error, E2 Keith Egan to third 2-1: Foul Ball, location: 2F 2-2: Strikes out swinging
|
Pitching: RHP Doug Frampton
|
|
Batting: RHB Yutaka Sato
|
0-0: Swinging Strike 0-1: Ball 1-1: Foul Ball, location: 2F 1-2: Ground out 6-3 (Groundball, 6S, EV 76.9 MPH)
|
Top of the 2nd over - 0 runs, 0 hits, 1 error, 1 left on base; Pensacola 1 - Reading 2 |
BOTTOM OF THE 2ND |
Reading Fightin Phils batting - Pitching for Pensacola Blue Wahoos : LHP Jesus Perez
|
Batting: RHB Kyle Reilly
|
0-0: Ball 1-0: Called Strike 1-1: SINGLE (Flyball, 6D, EV 90.6 MPH)
|
Batting: LHB Alex Fernandez
|
0-0: Ball 1-0: Fly out, F9 (Line Drive, 9, EV 108.8 MPH)
|
Batting: RHB Jake Cox
|
0-0: Called Strike 0-1: Foul Ball, location: 2F 0-2: Ball 1-2: Foul Ball, location: 2F 1-2: Strikes out swinging
|
Batting: RHB Josh Baker
|
0-0: Called Strike Kyle Reilly is caught stealing 2nd base 2-4
|
Bottom of the 2nd over - 0 runs, 1 hit, 0 errors, 0 left on base; Pensacola 1 - Reading 2 |
TOP OF THE 3RD |
Pensacola Blue Wahoos batting - Pitching for Reading Fightin Phils : RHP Doug Frampton
|
Batting: RHB Dusty Pollert
|
0-0: Called Strike 0-1: Ball 1-1: Swinging Strike 1-2: Foul Ball, location: 2F 1-2: Ball 2-2: Foul Ball, location: 2F 2-2: Fly out, F8 (Flyball, 8LS, EV 92.5 MPH)
|
Batting: RHB Juan Reyes
|
0-0: Called Strike 0-1: Swinging Strike 0-2: Fly out, F8 (Flyball, 8RXD, EV 99.4 MPH)
|
Batting: RHB Mike Alm
|
0-0: Called Strike 0-1: Ball 1-1: Ball 2-1: SINGLE (Line Drive, 7S, EV 91.9 MPH)
|
Batting: SHB Freddie Farrar
|
0-0: Ball Mike Alm steals 2nd base (no throw) 1-0: Fly out, F9 (Flyball, 9, EV 88.1 MPH)
|
Top of the 3rd over - 0 runs, 1 hit, 0 errors, 1 left on base; Pensacola 1 - Reading 2 |
BOTTOM OF THE 3RD |
Reading Fightin Phils batting - Pitching for Pensacola Blue Wahoos : LHP Jesus Perez
|
Batting: RHB Josh Baker
|
0-0: Foul Ball, location: 2F 0-1: Ball 1-1: Ball 2-1: Foul Ball, location: 2F 2-2: Ball 3-2: Base on Balls
|
Batting: RHB Prabhukumar Santhanakrishnan
|
0-0: Called Strike 0-1: Foul Ball, location: 2F 0-2: Strikes out swinging
|
Batting: RHB Mark Schultz
|
0-0: Ball 1-0: Called Strike 1-1: Ball 2-1: Foul Ball, location: 2F 2-2: Fly out, F7 (Flyball, 7, EV 86.2 MPH)
|
Batting: LHB Josh George
|
0-0: Ball 1-0: Called Strike 1-1: Ball 2-1: Foul Ball, location: 2F 2-2: Strikes out swinging
|
Bottom of the 3rd over - 0 runs, 0 hits, 0 errors, 1 left on base; Pensacola 1 - Reading 2 |
TOP OF THE 4TH |
Pensacola Blue Wahoos batting - Pitching for Reading Fightin Phils : RHP Doug Frampton
|
Batting: RHB David Clough
|
0-0: Ball 1-0: Called Strike 1-1: Called Strike 1-2: Strikes out looking
|
Batting: RHB Danny Real
|
0-0: Foul Ball, location: 2F 0-1: Called Strike 0-2: SINGLE (Groundball, 56D, EV 79.4 MPH) (infield hit)
|
Batting: LHB Keith Egan
|
0-0: Called Strike 0-1: Ball Danny Real steals 2nd base 1-1: Ball 2-1: Foul Ball, location: 2F 2-2: Ball 3-2: Foul Ball, location: 2F 3-2: Foul Ball, location: 2F 3-2: Base on Balls
|
Batting: RHB Frank Moron
|
0-0: Called Strike 0-1: Ball 1-1: Ball 2-1: Foul Ball, location: 2F 2-2: Foul Ball, location: 2F 2-2: Foul Ball, location: 2F 2-2: Ball 3-2: Foul Ball, location: 2F 3-2: Strikes out swinging
|
Batting: RHB Yutaka Sato
|
0-0: Ball 1-0: Ball 2-0: Ball 3-0: Base on Balls Danny Real to third Keith Egan to second
|
Batting: RHB Dusty Pollert
|
0-0: Called Strike 0-1: Foul Ball, location: 2F 0-2: Ball 1-2: Ball 2-2: Foul Ball, location: 2F 2-2: Strikes out swinging
|
Top of the 4th over - 0 runs, 1 hit, 0 errors, 3 left on base; Pensacola 1 - Reading 2 |
BOTTOM OF THE 4TH |
Reading Fightin Phils batting - Pitching for Pensacola Blue Wahoos : LHP Jesus Perez
|
Batting: RHB Abel Surraca
|
0-0: Called Strike 0-1: Called Strike 0-2: SINGLE (Line Drive, 56D, EV 94.4 MPH)
|
Batting: RHB Victor Arroyo
|
0-0: Foul Ball, location: 2F 0-1: Ball 1-1: Ball 2-1: 2-RUN HOME RUN (Flyball, 7LD, EV 91.2 MPH), Distance : 343 ft
|
Batting: RHB Kyle Reilly
|
0-0: Ball 1-0: Swinging Strike 1-1: Foul Ball, location: 2F 1-2: Ball 2-2: Strikes out swinging
|
Batting: LHB Alex Fernandez
|
0-0: Fly out, F7 (Line Drive, 7, EV 103.8 MPH)
|
Batting: RHB Jake Cox
|
0-0: Swinging Strike 0-1: Called Strike 0-2: Strikes out swinging
|
Bottom of the 4th over - 2 runs, 2 hits, 0 errors, 0 left on base; Pensacola 1 - Reading 4 |
TOP OF THE 5TH |
Pensacola Blue Wahoos batting - Pitching for Reading Fightin Phils : RHP Doug Frampton
|
Batting: RHB Juan Reyes
|
0-0: Called Strike 0-1: Ball 1-1: Called Strike 1-2: Ball 2-2: Strikes out looking
|
Batting: RHB Mike Alm
|
0-0: Called Strike 0-1: Ball 1-1: Swinging Strike 1-2: Ball 2-2: Ground out 6-3 (Groundball, 6, EV 88.8 MPH)
|
Batting: SHB Freddie Farrar
|
0-0: Ball 1-0: Ball 2-0: SINGLE (Groundball, 6S, EV 63.1 MPH) (infield hit)
|
Pitching: RHP Gabe Torres
|
|
Batting: RHB David Clough
|
0-0: Called Strike 0-1: Ball 1-1: Ball 2-1: Foul Ball, location: 2F 2-2: 2-RUN HOME RUN (Flyball, 9LD, EV 93.8 MPH), Distance : 355 ft
|
Batting: RHB Danny Real
|
0-0: Called Strike 0-1: Ball 1-1: Called Strike 1-2: Strikes out looking
|
Top of the 5th over - 2 runs, 2 hits, 0 errors, 0 left on base; Pensacola 3 - Reading 4 |
BOTTOM OF THE 5TH |
Reading Fightin Phils batting - Pitching for Pensacola Blue Wahoos : LHP Jesus Perez
|
Batting: RHB Josh Baker
|
0-0: Ball 1-0: Fly out, F9 (Line Drive, 9LD, EV 100.0 MPH)
|
Batting: RHB Prabhukumar Santhanakrishnan
|
0-0: Ball 1-0: Called Strike 1-1: Ball 2-1: Ball 3-1: Foul Ball, location: 2F 3-2: Foul Ball, location: 2F 3-2: SINGLE (Groundball, 6MD, EV 109.4 MPH)
|
Batting: RHB Mark Schultz
|
0-0: Foul Ball, location: 2F 0-1: Ball 1-1: Ground out 4-3 (Groundball, 34S, EV 90.0 MPH) Prabhukumar Santhanakrishnan to second
|
Batting: LHB Josh George
|
0-0: Called Strike 0-1: Ball 1-1: Foul Ball, location: 2F 1-2: Foul Ball, location: 2F 1-2: Ball 2-2: Ground out 6-3 (Groundball, 6M, EV 88.8 MPH)
|
Bottom of the 5th over - 0 runs, 1 hit, 0 errors, 1 left on base; Pensacola 3 - Reading 4 |
TOP OF THE 6TH |
Pensacola Blue Wahoos batting - Pitching for Reading Fightin Phils : RHP Gabe Torres
|
Batting: LHB Keith Egan
|
0-0: Called Strike 0-1: Ball 1-1: Foul Ball, location: 2F 1-2: Ball 2-2: Strikes out looking
|
Batting: RHB Frank Moron
|
0-0: Called Strike 0-1: Ball 1-1: Ground out 5-3 (Groundball, 56, EV 104.4 MPH)
|
Batting: RHB Yutaka Sato
|
0-0: SOLO HOME RUN (Flyball, 7D, EV 95.6 MPH), Distance : 372 ft
|
Batting: RHB Dusty Pollert
|
0-0: Swinging Strike 0-1: Foul Ball, location: 2F 0-2: Strikes out swinging
|
Top of the 6th over - 1 run, 1 hit, 0 errors, 0 left on base; Pensacola 4 - Reading 4 |
BOTTOM OF THE 6TH |
Reading Fightin Phils batting - Pitching for Pensacola Blue Wahoos : LHP Jesus Perez
|
Batting: RHB Abel Surraca
|
0-0: Swinging Strike 0-1: Ground out 5-3 (Groundball, 5, EV 85.0 MPH)
|
Batting: RHB Victor Arroyo
|
0-0: Called Strike 0-1: Called Strike 0-2: Ball 1-2: Ball 2-2: Ground out 5-3 (Groundball, 5L, EV 81.9 MPH)
|
Pitching: LHP Brian Whittall
|
|
Batting: RHB Kyle Reilly
|
0-0: Called Strike 0-1: Swinging Strike 0-2: Strikes out looking
|
Bottom of the 6th over - 0 runs, 0 hits, 0 errors, 0 left on base; Pensacola 4 - Reading 4 |
TOP OF THE 7TH |
Pensacola Blue Wahoos batting - Pitching for Reading Fightin Phils : RHP Gabe Torres
|
Batting: RHB Juan Reyes
|
0-0: Foul Ball, location: 2F 0-1: Ball 1-1: Called Strike 1-2: Fly out, F9 (Flyball, 9LMF, EV 85.6 MPH)
|
Batting: RHB Mike Alm
|
0-0: SOLO HOME RUN (Flyball, 78XD, EV 105.6 MPH), Distance : 397 ft
|
Pitching: LHP Hiroshi Mukae
|
|
Batting: SHB Freddie Farrar
|
0-0: Ground out 6-3 (Groundball, 6, EV 85.6 MPH)
|
Batting: RHB David Clough
|
0-0: Ball 1-0: Foul Ball, location: 2F 1-1: Ball 2-1: Swinging Strike 2-2: Ball 3-2: Fly out, F8 (Flyball, 78M, EV 86.2 MPH)
|
Top of the 7th over - 1 run, 1 hit, 0 errors, 0 left on base; Pensacola 5 - Reading 4 |
BOTTOM OF THE 7TH |
Reading Fightin Phils batting - Pitching for Pensacola Blue Wahoos : LHP Brian Whittall
|
Now at 2B: Akira Yamano
|
|
Now in RF: Manny Ruvalcaba
|
|
Batting: LHB Alex Fernandez
|
0-0: Called Strike 0-1: Fly out, F3 (Line Drive, 3L, EV 71.2 MPH)
|
Batting: RHB Jake Cox
|
0-0: Called Strike 0-1: Foul Ball, location: 2F 0-2: Ball 1-2: Ball 2-2: Foul Ball, location: 2F 2-2: Hit by Pitch
|
Batting: RHB Josh Baker
|
0-0: Called Strike Jake Cox is caught stealing 2nd base 2-4 0-1: Foul Ball, location: 2F 0-2: Foul Ball, location: 2F 0-2: Strikes out swinging
|
Bottom of the 7th over - 0 runs, 0 hits, 0 errors, 0 left on base; Pensacola 5 - Reading 4 |
TOP OF THE 8TH |
Pensacola Blue Wahoos batting - Pitching for Reading Fightin Phils : LHP Hiroshi Mukae
|
Batting: RHB Danny Real
|
0-0: SINGLE (Groundball, 4MS, EV 64.4 MPH) (infield hit)
|
Batting: LHB Keith Egan
|
0-0: Fly out, F8 (Line Drive, 8RD, EV 84.4 MPH)
|
Batting: RHB Frank Moron
|
0-0: Called Strike 0-1: Foul Ball, location: 2F 0-2: Ball 1-2: Ball 2-2: Ball 3-2: Base on Balls Danny Real to second
|
Batting: RHB Yutaka Sato
|
0-0: Ball 1-0: Fielders Choice at 2nd, 6-4 (Groundball, 6, EV 87.5 MPH) Danny Real to third
|
Batting: LHB Manny Ruvalcaba
|
0-0: Called Strike 0-1: Swinging Strike 0-2: Foul Ball, location: 2F 0-2: Ball 1-2: Ball 2-2: Strikes out looking
|
Top of the 8th over - 0 runs, 1 hit, 0 errors, 2 left on base; Pensacola 5 - Reading 4 |
BOTTOM OF THE 8TH |
Reading Fightin Phils batting - Pitching for Pensacola Blue Wahoos : LHP Brian Whittall
|
Now at 2B: Paul Sandoval
|
|
Now at SS: Akira Yamano
|
|
Batting: RHB Prabhukumar Santhanakrishnan
|
0-0: Called Strike 0-1: Foul Ball, location: 2F 0-2: Ball 1-2: Ground out 6-3 (Groundball, 6, EV 84.4 MPH)
|
Batting: RHB Mark Schultz
|
0-0: Swinging Strike 0-1: DOUBLE (Flyball, 8RXD, EV 100.6 MPH)
|
Batting: LHB Josh George
|
0-0: Called Strike 0-1: Foul Ball, location: 2F 0-2: Foul Ball, location: 2F 0-2: Ground out 4-3 (Groundball, 4, EV 86.9 MPH) Mark Schultz to third
|
Pitching: LHP Jin Zhui
|
|
Batting: RHB Abel Surraca
|
0-0: Ball 1-0: Ground out U3 (Groundball, 34S, EV 80.6 MPH)
|
Bottom of the 8th over - 0 runs, 1 hit, 0 errors, 1 left on base; Pensacola 5 - Reading 4 |
TOP OF THE 9TH |
Pensacola Blue Wahoos batting - Pitching for Reading Fightin Phils : LHP Hiroshi Mukae
|
Pitching: RHP Pat Richardson
|
|
Batting: RHB Juan Reyes
|
0-0: Ground out 5-3 (Groundball, 15, EV 83.8 MPH)
|
Batting: RHB Mike Alm
|
0-0: Ground out 6-3 (Groundball, 6, EV 97.5 MPH)
|
Batting: LHB Akira Yamano
|
0-0: Ball 1-0: Ground out 4-3 (Groundball, 4, EV 105.6 MPH)
|
Top of the 9th over - 0 runs, 0 hits, 0 errors, 0 left on base; Pensacola 5 - Reading 4 |
BOTTOM OF THE 9TH |
Reading Fightin Phils batting - Pitching for Pensacola Blue Wahoos : LHP Jin Zhui
|
Pitching: RHP Juan Hernandez
|
|
Batting: RHB Victor Arroyo
|
0-0: Ball 1-0: Called Strike 1-1: Called Strike 1-2: Foul Ball, location: 2F 1-2: Fly out, F6 (Popup, P, EV 80.6 MPH)
|
Batting: RHB Kyle Reilly
|
0-0: Ball 1-0: SINGLE (Line Drive, 8LS, EV 88.1 MPH)
|
Batting: LHB Alex Fernandez
|
0-0: Ball 1-0: Swinging Strike 1-1: Swinging Strike 1-2: Foul Ball, location: 2F 1-2: Foul Ball, location: 2F 1-2: Ball 2-2: Strikes out swinging
|
Batting: RHB Jake Cox
|
0-0: Ball 1-0: Called Strike 1-1: Swinging Strike 1-2: Foul Ball, location: 2F 1-2: Strikes out looking
|
Bottom of the 9th over - 0 runs, 1 hit, 0 errors, 1 left on base; Pensacola 5 - Reading 4 |
|